 Dungeon Crawl Stone Soup version 0.29.1-15-g9cfb28693d (webtiles) character file.

Game seed: 2265692657269857313

7466 rehlor the Basher (level 10, -2/97 HPs)
             Began as a Minotaur Berserker on Apr 24, 2023.
             Was an Elder of Trog.
             Slain by a meliai
             ... wielding a +0 broad axe
              (12 damage)
             ... on level 9 of the Dungeon.
             The game lasted 00:27:23 (9453 turns).

rehlor the Basher (Minotaur Berserker)              Turns: 9453, Time: 00:27:24

Health: -2/97      AC:  9    Str: 26    XL:     10   Next: 94%
Magic:  9/9        EV: 13    Int:  4    God:    Trog [****..]
Gold:   517        SH: 11    Dex: 10    Spells: 9/9 levels left

rFire   . . .      SeeInvis +   t - +4 mace of the Fresh God {holy, Fly}
rCold   . . .      Faith    .   u - +0 kite shield
rNeg    . . .      Spirit   .   C - +0 swamp dragon scales
rPois   +          Reflect  +   (helmet restricted)
rElec   .          Harm     .   (no cloak)
rCorr   .          Rampage  .   (no gloves)
Will    .....                   D - +0 pair of boots {Fly}
Stlth   ..........              o - amulet of reflection
HPRegen 0.26/turn               l - +4 ring of evasion
MPRegen 0.11/turn               E - ring of see invisible

@: lethally poisoned (-2 -> -25), flying
A: horns 2, retaliatory headbutt
a: Renounce Religion, Berserk, Trog's Hand, Brothers in Arms


You were on level 9 of the Dungeon.
You worshipped Trog.
Trog was greatly pleased with you.
You visited 1 branch of the dungeon, and saw 9 of its levels.
You also visited: Sewer.

You collected 517 gold pieces.

Inventory:

Hand Weapons
 e - a +0 long sword
 t - the +4 mace of the Fresh God (weapon) {holy, Fly}
   (You found it on level 4 of the Dungeon)

   It has been blessed by the Shining One to cause great damage to the undead
   and demons.
   Fly:       It grants you flight.
Armour
 u - a +0 kite shield (worn)
 C - +0 swamp dragon scales (worn)
 D - a +0 pair of boots of flying (worn)
Jewellery
 l - a +4 ring of evasion (left hand)
 o - an amulet of reflection (around neck)
 x - an amulet of the acrobat
 E - a ring of see invisible (right hand)
 I - a ring of willpower
 J - an amulet of guardian spirit
Wands
 r - a wand of charming (18)
 w - a wand of quicksilver (7)
Scrolls
 a - 3 scrolls of poison {unknown}
 b - a scroll of immolation {unknown}
 c - 10 scrolls of identify {unknown}
 f - 2 scrolls of enchant armour {unknown}
 g - a scroll of butterflies {unknown}
 j - 5 scrolls of magic mapping {unknown}
 m - 2 scrolls of fear {unknown}
 s - a scroll of silence {unknown}
 y - a scroll of teleportation {unknown}
 A - a scroll of summoning {unknown}
 F - a scroll of amnesia {unknown}
 G - a scroll of enchant weapon {unknown}
Potions
 d - 3 potions of heal wounds
 h - 3 potions of ambrosia {unknown}
 i - 5 potions of curing
 k - 3 potions of invisibility {unknown}
 n - 2 potions of cancellation {unknown}
 p - 5 potions of flight {unknown}
 q - a potion of berserk rage
 v - a potion of haste {unknown}
 z - a potion of experience {unknown}
 B - a potion of lignification {unknown}
 H - 6 potions of degeneration
 K - a potion of mutation {unknown}


   Skills:
 + Level 11.7 Fighting
 - Level 7.9 Long Blades
 + Level 14.5 Maces & Flails
 - Level 3.4 Armour
 - Level 3.2 Dodging


You had 9 spell levels left.
You didn't know any spells.
Your spell library was empty.

Dungeon Overview and Level Annotations

Branches:
Dungeon (9/15)             Temple (0/1) D:6           Sewer (visited)
   Lair: D:8-11         Orc: D:9-12

Altars:
Ashenzari
Gozag
Hepliaklqana
Kikubaaqudgha
Nemelex Xobeh
Qazlal
Sif Muna
Trog
Uskayaw
Wu Jian
Yredelemnul
The Shining One

Shops:
D:5 (

Annotations:
D:4 1 runed translucent door


Innate Abilities, Weirdness & Mutations

You have a pair of horns on your head.
You reflexively headbutt those who attack you in melee.


Message History

The meliai buzzes angrily.
A meliai comes into view. It is wielding a +0 hand axe.
The meliai calls down the wrath of its god upon you.
Something smites you!
A meliai comes into view. It is wielding a +0 hand axe.
The meliai buzzes angrily.
You see here 2 potions of degeneration.
The meliai buzzes angrily.
The meliai mumbles some strange prayers to its god against you.
Something smites you!
You sock the meliai!
The meliai is moderately wounded.
The meliai hits you with a +0 broad axe!!
You block the meliai's attack.
The meliai invokes the aid of its god against you.
Something smites you!
You sock the meliai!
The meliai is severely wounded.
The meliai calls upon its god to heal the meliai.
The meliai is healed somewhat.
The meliai hits you with a +0 broad axe!
The meliai closely misses you. The meliai hits you with a +0 hand axe.
You block the meliai's attack. x2; The meliai closely misses you.
Your ogre goes berserk!
You block the meliai's attack.
The meliai hits your ogre with a +0 hand axe.
The meliai closely misses you.
The meliai hits you with a +0 broad axe!
* * * LOW HITPOINT WARNING * * *
The meliai stings you!
* * * LOW HITPOINT WARNING * * *
You are lethally poisoned!
The meliai poisons you!
The meliai calls upon its god to heal the meliai.
The meliai is healed somewhat.
The meliai closely misses you. The meliai stings you!
* * * LOW HITPOINT WARNING * * *
The meliai attacks as you move away!
The meliai hits you with a +0 broad axe!
You die...

#.# #.....#
#.# #......
#.# #......
#.# ........
####.#
.........#
##....#
....#####...
#..#### ...#
#..#
#.#########
### ..#
#......!@y#
#.#
#####.###y#
#.# .O. #.#
y..# #+#
..... ......
.....##
.....#


You could see 3 meliai and a friendly ogre (summoned, berserk).

Vanquished Creatures
  Amaemon (D:8)
  Pikel (D:5)
  Joseph (D:8)
  Maggie (D:6)
  An orange demon (D:8)
  A troll (D:9)
  A hornet (D:9)
  2 shadows
  Sigmund (D:6)
  A vampire (D:8)
  4 yaks (D:8)
  A steam dragon (D:8)
  An acid dragon (D:9)
  Duvessa (D:6)
  3 water moccasins
  An orc warrior (D:9)
  5 sky beasts
  3 black bears
  2 ice beasts
  2 ogres
  2 centaurs
  A kobold brigand (D:8)
  3 phantoms
  2 bullfrogs
  5 scorpions
  A necrophage (D:7)
  Dowan (D:6)
  5 killer bees (D:8)
  The ghost of KevinSullivan the Magician, a weakling DsWn (D:4)
  3 howler monkeys
  2 orc priests
  3 hounds
  2 jellies
  2 gnoll boudas (D:8)
  2 iguanas
  6 orc wizards
  Robin (D:3)
  8 gnolls (D:8)
  10 adders
  A river rat (D:4)
  A shadow imp (D:5)
  5 white imps
  An ufetubus (D:5)
  5 worms
  29 orcs
  7 endoplasms
  2 giant cockroaches
  7 hobgoblins
  9 jackals
  13 kobolds
  4 quokkas
  6 ball pythons
  8 bats
  2 frilled lizards
  13 goblins
  5 rats
212 creatures vanquished.

Notes
Turn   | Place    | Note
-------+----------+-------------------------------------------
     0 | D:1      | rehlor the Minotaur Berserker began the quest for the Orb.
     0 | D:1      | Reached XP level 1. HP: 19/19 MP: 0/0
   195 | D:1      | Reached XP level 2. HP: 22/27 MP: 1/1
   714 | D:2      | Found a faded altar of an unknown god.
   779 | D:2      | Found an opulent altar of Gozag.
   920 | D:2      | Reached XP level 3. HP: 33/33 MP: 2/2
  1031 | D:2      | Identified the +3 short sword of the Enchanted Forest
                  | {flame, rC+}
  1462 | D:2      | Reached ** piety under Trog
  1603 | D:3      | Noticed Robin
  1626 | D:3      | Killed Robin
  1627 | D:3      | Reached XP level 4. HP: 29/41 MP: 3/3
  2015 | D:3      | Reached skill level 5 in Long Blades
  2082 | D:3      | Reached XP level 5. HP: 47/47 MP: 4/4
  2386 | D:3      | Reached *** piety under Trog
  2759 | D:4      | Noticed a black bear
  2770 | D:4      | Killed a black bear
  2771 | D:4      | Reached XP level 6. HP: 49/53 MP: 5/5
  2920 | D:4      | Found a glowing drain.
  2930 | Sewer    | Entered a sewer
  2974 | Sewer    | Noticed a water moccasin
  2987 | Sewer    | Killed a water moccasin
  3446 | D:4      | Identified the +9 whip of Upheaval {freeze, rF- Str+7
                  | Int+2}
  3463 | D:4      | Identified the +4 mace of the Fresh God {holy, Fly}
  3507 | D:4      | Reached skill level 1 in Maces & Flails
  3545 | D:4      | Found a runed translucent door.
  3598 | D:4      | Noticed KevinSullivan's ghost (weakling DsWn)
  3614 | D:4      | Found a runed translucent door.
  3721 | D:4      | Reached skill level 2 in Maces & Flails
  3721 | D:4      | Reached XP level 7. HP: 60/60 MP: 6/6
  3730 | D:4      | Killed KevinSullivan's ghost
  3731 | D:4      | Reached skill level 3 in Maces & Flails
  3782 | D:5      | Entered Level 5 of the Dungeon
  3782 | D:5      | Found Efas's Weapon Emporium.
  3831 | D:5      | Reached skill level 4 in Maces & Flails
  3875 | D:5      | Noticed a +0 spear
  3875 | D:5      | Noticed a +0 dagger
  3875 | D:5      | Noticed a +0 short sword
  3876 | D:5      | Noticed a +0 short sword
  3878 | D:5      | Noticed a +0 dagger
  3879 | D:5      | Noticed a +0 spear
  3879 | D:5      | Noticed a +0 falchion
  3879 | D:5      | Noticed a +0 falchion
  3880 | D:5      | Found a hide-covered altar of Uskayaw.
  3946 | D:5      | Noticed Pikel
  3953 | D:5      | Killed Pikel
  3954 | D:5      | Reached skill level 7 in Maces & Flails
  3954 | D:5      | Reached XP level 8. HP: 67/67 MP: 7/7
  3959 | D:5      | Found an ornate altar of the Wu Jian Council.
  3963 | D:5      | Reached skill level 8 in Maces & Flails
  4097 | D:5      | Found a stormy altar of Qazlal.
  4127 | D:5      | Found a hazy altar of Hepliaklqana.
  4158 | D:5      | Reached skill level 9 in Maces & Flails
  4439 | D:5      | Found a broken altar of Ashenzari.
  4440 | D:5      | Found a basalt altar of Yredelemnul.
  4715 | D:6      | Reached skill level 10 in Maces & Flails
  4870 | D:6      | Noticed Sigmund
  4882 | D:6      | Noticed Duvessa
  4885 | D:6      | Noticed Dowan
  4890 | D:6      | Killed Sigmund
  4891 | D:6      | Reached skill level 5 in Fighting
  4897 | D:6      | Killed Duvessa
  4898 | D:6      | Reached XP level 9. HP: 58/74 MP: 8/8
  4901 | D:6      | Killed Dowan
  5087 | D:6      | Reached skill level 11 in Maces & Flails
  5221 | D:6      | Noticed Maggie
  5239 | D:6      | Killed Maggie
  5379 | D:6      | Found a glowing golden altar of the Shining One.
  5562 | D:6      | Found a staircase to the Ecumenical Temple.
  6144 | D:7      | Reached skill level 12 in Maces & Flails
  6300 | D:7      | Reached **** piety under Trog
  6724 | D:7      | Found an ancient bone altar of Kikubaaqudgha.
  7222 | D:8      | Reached XP level 10. HP: 91/91 MP: 9/9
  7443 | D:8      | Found a bloodstained altar of Trog.
  7562 | D:8      | Reached skill level 13 in Maces & Flails
  7649 | D:8      | Noticed an orange demon
  7655 | D:8      | Noticed Amaemon
  7657 | D:8      | Killed an orange demon
  7658 | D:8      | Reached skill level 10 in Fighting
  7667 | D:8      | Killed Amaemon
  7819 | D:8      | Noticed Joseph
  7832 | D:8      | Killed Joseph
  7837 | D:8      | Reached skill level 14 in Maces & Flails
  9274 | D:9      | Found a sparkling altar of Nemelex Xobeh.
  9409 | D:9      | Found a shimmering blue altar of Sif Muna.
  9453 | D:9      | Slain by a meliai

Illustrated notes

Levels and vault maps discovered:
D:1:      dpeg_arrival_renting, layout_basic, amcnicky_mini_pool_small
D:2:      layout_basic, nicolae_ecumenical_pavilion, basic_altar,
          kennysheep_cluttered_room
D:3:      layout_loops_ring, minmay_misc_feat_pillars, minmay_mini_jars,
          uniq_robin
D:4:      layout_rooms, cheibrodos_sewer_entry_bend, ebering_ghost_sewer_f
D:5:      layout_cave_pools, nicolae_uskayaw_en_pointe,
          grunt_temple_overflow_open,
          chequers_temple_overflow_statue_of_worship, serial_shops,
          nicolae_shop_bloodbath_and_beyond, uniq_pikel
D:6:      layout_loops_ring, tso_oasis_becter, minmay_temple_entry_fiery,
          uniq_duvessa, uniq_maggie, uniq_sigmund
D:7:      layout_loops_corners, mainiacjoe_overflow_24_doors, minmay_small_thing
D:8:      layout_basic, mainiacjoe_overflow_surrounded_room, uniq_amaemon,
          uniq_joseph
D:9:      layout_rooms, grunt_temple_overflow_champion_of_chaos,
          kennysheep_little_box, nemelex_altar_shiori, enter_bailey_7,
          small_statue_intersection, roderic_batcave

Skill      XL: |  1  2  3  4  5  6  7  8  9 10 |
---------------+-------------------------------+-----
Long Blades    | 4 5 6 7 |  7.9
Fighting       | 4 5 9 11 | 11.7
Armour         | 3 |  3.4
Dodging        | 3 |  3.2
Maces & Flails | 2 7 10 12 14 | 14.5

Action                   |  1- 3 |  4- 6 |  7- 9 | 10-12 || total
-------------------------+-------+-------+-------+-------++-------
Melee: Falchion          |    11 |       |       |       ||    11
       Headbutt          |    15 |    17 |    29 |    32 ||    93
       Long sword        |    92 |   114 |       |       ||   206
       Punch             |     3 |     1 |     1 |       ||     5
       Mace              |       |     7 |   224 |   176 ||   407
Invok: Berserk           |       |     2 |     3 |     2 ||     7
       Trog's Hand       |       |       |     4 |     2 ||     6
       Brothers in Arms  |       |       |       |     1 ||     1
  Use: Potion            |       |       |     1 |     1 ||     2
Armor: Animal skin       |     6 |       |       |       ||     6
       Chain mail        |    46 |    68 |    17 |       ||   131
       Plate armour      |       |       |    17 |       ||    17
       Swamp dragon scal |       |       |    19 |    33 ||    52
Dodge: Dodged            |    38 |    74 |    92 |    77 ||   281
Block: Other             |       |     7 |    32 |       ||    39
       Kite shield       |       |       |    19 |    91 ||   110
       Reflection        |       |       |       |     7 ||     7
